 Dungeon Crawl Stone Soup version 0.18.1-50-g88ac8fd (webtiles) character file.

43364 magog001 the Peltast (level 13, -2/177 HPs)
             Began as a Minotaur Fighter on Dec 6, 2016.
             Was a High Priest of Nemelex Xobeh.
             Slain by an eight-headed hydra (3 damage)
             ... on level 4 of the Swamp.
             The game lasted 02:16:22 (15992 turns).

magog001 the Peltast (Minotaur Fighter)            Turns: 15992, Time: 02:16:24

Health: -2/177     AC: 33    Str: 30    XL:     13   Next: 90%
Magic:  0/22       EV:  2    Int:  5    God:    Nemelex Xobeh [*****.]
Gold:   3042       SH: 15    Dex: 11    Spells: 0 memorised, 12 levels left

rFire  . . .     SeeInvis .     F - +2 mace (protect)
rCold  . . .     Gourm    .     (armour currently unavailable)
rNeg   + + +     Faith    .     o - +0 shield {reflect}
rPois  +         Spirit   +     (helmet currently unavailable)
rElec  .         Dismiss  .     (cloak currently unavailable)
rCorr  .         Reflect  +     (gloves currently unavailable)
SustAt .         Harm     .     (boots currently unavailable)
MR     .....     NoTele   +     t - amulet of guardian spirit
Stlth  ++++......               v - ring of stealth
                                w - ring of magical power

@: mighty, tree-form, magic armour, grasped by roots, cleaving, very slow, not
resistant to hostile enchantments, stealthy
A: (retaliatory headbutt), (horns 0)
a: Triple Draw, Deal Four, Stack Five, Renounce Religion


You were on level 4 of the Swamp.
You worshipped Nemelex Xobeh.
Nemelex Xobeh was extremely pleased with you.
You were not hungry.
You were a tree.
You visited 3 branches of the dungeon, and saw 18 of its levels.

You collected 3372 gold pieces.
You spent 330 gold pieces at shops.

Inventory:

Hand Weapons
 n - a +0 shortbow
 F - a +2 mace of protection (weapon)
Missiles
 s - 186 arrows
 y - 32 poisoned needles
 N - 5 curare-tipped needles
Armour
 o - a +0 shield of reflection (worn)
 O - a +1 pair of boots (melded)
 P - the +7 plate armour of Mysticism (melded) {rC- rN+ Regen+ Stlth+}
   (You found it on level 3 of the Lair of Beasts)

   It makes you vulnerable to cold.
   It protects you from negative energy.
   It increases your rate of regeneration.
   It makes you more stealthy.
 X - a +0 pair of gloves (melded)
Jewellery
 h - a cursed -3 ring of protection {unknown}
 t - an amulet of guardian spirit (around neck)
 v - a ring of stealth (right branch)
 w - a ring of magical power (left branch)
Wands
 a - a wand of teleportation (4/9)
 g - a wand of flame (22/48)
 r - a wand of enslavement (12/24)
 u - a wand of polymorph (8/24)
 x - a wand of lightning (1/15)
 M - a wand of lightning (4/15)
 U - a wand of acid (1/15)
Scrolls
 e - 9 scrolls of teleportation
 j - a scroll of immolation
 m - 4 scrolls of fog
 p - 6 scrolls of remove curse
 D - 3 scrolls of recharging
 S - a scroll of amnesia
 W - a scroll of noise
 Z - a scroll of fear
Potions
 d - 4 potions of might
 q - 2 potions of curing
 B - a potion of agility
 C - a potion of brilliance
 G - 2 potions of lignification
 L - 2 potions of flight
 V - 2 potions of haste
 Y - a potion of ambrosia
Miscellaneous
 i - a plain deck of destruction {drawn: 3}
 E - a plain deck of war {drawn: 3}
 I - a plain deck of war
 K - a plain deck of escape
 R - an ornate deck of escape
Comestibles
 b - 5 slices of pizza
 f - 13 bread rations
 k - 3 fruits
 z - 7 meat rations
 A - 3 beef jerkies


   Skills:
 + Level 12.0 Fighting
   Level 0.2 Long Blades
   Level 7.8(10.5) Axes
 + Level 11.1(12.0) Maces & Flails
 + Level 0.4 Bows
 + Level 12.2 Armour
 + Level 10.0 Dodging
 + Level 2.8 Stealth
 + Level 15.5 Shields
 + Level 0.2 Unarmed Combat
 + Level 2.4 Evocations


You had 12 spell levels left.
You didn't know any spells.

Dungeon Overview and Level Annotations

Branches:
Dungeon (9/15)             Temple (0/1) D:6            Lair (5/8) D:8
  Swamp (4/4) Lair:5
  Snake: Lair:3-6    Spider: Lair:3-6       Orc: D:9-12

Altars:
Cheibriados
Nemelex Xobeh
Qazlal
The Shining One

Shops:
D:4 =

Annotations:
Swamp:2 exclusion: Roxanne, Roxanne


Innate Abilities, Weirdness & Mutations

((You reflexively headbutt those who attack you in melee.))
((You have a pair of horns on your head.))


Message History

You feel better. A root smacks you from below.
* * * LOW HITPOINT WARNING * * *
The spriggan druid casts a spell at you.
The stone arrow hits you!
You hear a distant "Zot"!
The eight-headed hydra bites you but does no damage.
You block the eight-headed hydra's attack. x2
The eight-headed hydra bites you but does no damage. x3
You block the eight-headed hydra's attack.
The eight-headed hydra bites you but does no damage.
You block the shambling mangrove's attack.
A giant leech comes into view.
Evoke which item? (* to show all) (? for menu, Esc to quit)
You draw a card...
It is the Blade.
Your +2 mace of protection looks oddly sharp.
A root smacks you from below.
* * * LOW HITPOINT WARNING * * *
The eight-headed hydra bites you.
You die...
Your body disappears without a glow.

≈≈≈ ♣..♣♣ .
≈w.♣ ♣≈
♣♣♣<≈≈
≈..♣§♣§.♣♣
≈§≈≈§)≈§i♣
≈≈≈≈≈§≈§§♣
...≈§§D††♣♣
..♣♣♣f♣..♣♣
♣♣♣♣♣≈≈§♣
♣≈≈♣)≈≈§♣
♣≈≈§≈≈§§♣
♣♣≈§§§§.♣♣
♣♣≈.≈≈≈..♣
♣♣≈≈..≈..≈♣
♣♣♣≈§≈....♣♣♣
♣≈.≈≈..≈≈≈♣♣


You could see a shambling mangrove, an eight-headed hydra, a giant leech
(wandering) and a spriggan druid.

Vanquished Creatures
  Kirke (Swamp:1)
  Frances (Swamp:2)
  A thorn hunter (Swamp:4)
  Donald (Swamp:2)
  A spark wasp (Swamp:4)
  2 hydras
  4 alligators
  A swamp dragon (Swamp:2)
  A hill giant (D:7)
  A griffon (Lair:2)
  A shambling mangrove (Swamp:2)
  3 ugly things (Swamp:3)
  A shining eye (Swamp:4)
  An elephant (D:8)
  The ghost of ololoev the Thaumaturge, a novice DEEE of Vehumet (D:8)
  3 black mambas
  A torpor snail (Lair:4)
  10 spiny frogs
  2 rime drakes
  4 komodo dragons
  A troll (D:9)
  6 giant leeches
  7 slime creatures (Swamp:3)
  13 blink frogs
  2 bog bodies
  3 spriggans
  Eustachio (D:5)
  A shadow (Swamp:3)
  22 yaks
  A human (D:7)
  A basilisk (Lair:4)
  2 wyverns (Lair:3)
  3 hippogriffs
  A hungry ghost (D:9)
  5 hogs
  10 vampire mosquitoes (Swamp:1)
  7 swamp worms
  5 water moccasins
  6 porcupines
  3 orc warriors
  6 swamp drakes
  2 black bears (Lair:2)
  3 ogres
  An ice beast (D:9)
  4 phantoms (D:8)
  5 wasps
  6 wolves
  7 centaurs
  14 crocodiles
  15 giant frogs
  3 scorpions
  A water moccasin skeleton (D:7)
  5 killer bees (D:8)
  2 howler monkeys
  A centaur zombie (D:9)
  4 crimson imps
  5 hounds
  3 jellies
  A wasp zombie (D:6)
  2 orc priests
  11 iguanas
  5 orc wizards
  Jessica (D:2)
  A giant frog skeleton (D:5)
  Terence (D:2)
  5 worker ants
  A killer bee zombie (D:5)
  21 sheep
  A worker ant zombie (D:8)
  Robin (D:2)
  3 gnolls (D:2)
  15 adders
  17 river rats (Lair:4)
  A shadow imp (D:8)
  2 adder zombies
  2 adder skeletons
  2 worms
  2 dart slugs (D:1)
  3 giant geckos
  11 orcs
  2 ball pythons
  2 giant cockroaches
  7 hobgoblins
  3 jackals (D:3)
  8 kobolds
  3 quokkas
  8 bats
  8 giant newts
  21 goblins
  A goblin skeleton (D:4)
  3 goblin zombies (D:4)
  4 kobold skeletons (D:4)
  A kobold zombie (D:4)
  An orc zombie (D:4)
  A quokka skeleton (D:3)
  6 rats
  A bush (Lair:3)
  A fungus (Lair:2)
  3 plants
421 creatures vanquished.

Vanquished Creatures (collateral kills)
  A hydra (Swamp:2)
  A swamp dragon (Swamp:2)
  A giant orange brain (Swamp:4)
  A black mamba (Swamp:4)
  A spiny frog (Swamp:4)
  A rime drake (Swamp:4)
  A giant leech (Swamp:3)
  A blink frog (Swamp:1)
  2 slime creatures (Swamp:3)
  A bog body (Swamp:4)
  A hippogriff (Lair:2)
  2 wolves (Lair:3)
  An orc (D:6)
15 creatures vanquished.

Vanquished Creatures (others)
  A blink frog (Swamp:1)
  A human (Swamp:1)
  A killer bee (D:8)
  4 fungi
  2 plants (Lair:3)
9 creatures vanquished.

Grand Total: 445 creatures vanquished

Notes
Turn   | Place    | Note
--------------------------------------------------------------
     0 | D:1      | magog001 the Minotaur Fighter began the quest for the Orb.
     0 | D:1      | Reached XP level 1. HP: 19/19 MP: 0/0
   236 | D:1      | Reached XP level 2. HP: 25/27 MP: 1/1
   421 | D:1      | Reached skill level 4 in Shields
   856 | D:2      | Reached XP level 3. HP: 31/33 MP: 2/2
   962 | D:2      | Noticed Terence
   980 | D:2      | Killed Terence
   980 | D:2      | Reached XP level 4. HP: 40/40 MP: 3/3
  1180 | D:2      | Noticed Jessica
  1184 | D:2      | Killed Jessica
  1218 | D:2      | Noticed Robin
  1221 | D:2      | Reached skill level 1 in Dodging
  1238 | D:2      | Reached XP level 5. HP: 44/46 MP: 4/4
  1247 | D:2      | Killed Robin
  1508 | D:2      | Reached skill level 5 in Shields
  2620 | D:4      | Reached XP level 6. HP: 50/53 MP: 5/5
  2701 | D:4      | Reached skill level 5 in Armour
  2704 | D:4      | Found a glowing golden altar of the Shining One.
  2809 | D:4      | Found Lipnap's Jewellery Boutique.
  3114 | D:4      | Reached skill level 5 in Fighting
  3138 | D:5      | Entered Level 5 of the Dungeon
  3203 | D:5      | Reached skill level 6 in Shields
  3203 | D:5      | Reached XP level 7. HP: 43/61 MP: 6/6
  3206 | D:5      | Reached skill level 5 in Axes
  3220 | D:5      | Noticed Eustachio
  3233 | D:5      | Killed Eustachio
  3496 | D:5      | Found a snail-covered altar of Cheibriados.
  3496 | D:5      | Found a stormy altar of Qazlal.
  3740 | D:6      | Reached XP level 8. HP: 69/69 MP: 7/7
  3759 | D:6      | Reached skill level 7 in Shields
  3814 | D:6      | Found a staircase to the Ecumenical Temple.
  4443 | D:7      | Noticed a hill giant
  4452 | D:7      | Killed a hill giant
  4452 | D:7      | Reached skill level 5 in Dodging
  4452 | D:7      | Reached skill level 8 in Shields
  4452 | D:7      | Reached XP level 9. HP: 41/78 MP: 8/8
  5240 | D:7      | Reached skill level 1 in Stealth
  5421 | D:7      | Reached skill level 1 in Evocations
  5623 | D:8      | Reached skill level 9 in Shields
  5663 | D:8      | Reached skill level 1 in Maces & Flails
  5823 | D:8      | Reached XP level 10. HP: 79/86 MP: 9/9
  5926 | D:8      | Found a sparkling altar of Nemelex Xobeh.
  5932 | D:8      | Became a worshipper of Nemelex Xobeh the Trickster
  6002 | D:8      | Received a gift from Nemelex Xobeh
  6282 | D:8      | Noticed ololoev's ghost (novice DEEE)
  6297 | D:8      | Noticed an elephant
  6320 | D:8      | Killed an elephant
  6342 | D:8      | Killed ololoev's ghost
  6434 | D:8      | Reached skill level 10 in Shields
  6586 | D:8      | Found a staircase to the Lair.
  6824 | D:8      | Reached * piety under Nemelex Xobeh
  7028 | D:9      | Found a runed door.
  7525 | D:4      | Bought an uncursed amulet of guardian spirit for 330 gold pieces
  7714 | Lair:1   | Entered Level 1 of the Lair of Beasts
  7822 | Lair:1   | Received a gift from Nemelex Xobeh
  7939 | Lair:1   | Noticed a black mamba
  7951 | Lair:1   | Killed a black mamba
  7951 | Lair:1   | Reached skill level 5 in Maces & Flails
  8116 | Lair:1   | Noticed a spiny frog
  8132 | Lair:1   | Killed a spiny frog
  8132 | Lair:1   | Reached XP level 11. HP: 75/95 MP: 10/10
  8782 | Lair:2   | Reached ** piety under Nemelex Xobeh
  8886 | Lair:2   | Received a gift from Nemelex Xobeh
  9136 | Lair:2   | Reached skill level 11 in Shields
  9202 | Lair:2   | Received a gift from Nemelex Xobeh
  9313 | Lair:2   | Noticed a griffon
  9325 | Lair:2   | Killed a griffon
  9722 | Lair:3   | Got an ancient plate armour
  9731 | Lair:3   | Reached *** piety under Nemelex Xobeh
  9783 | Lair:3   | Identified the +7 plate armour of Mysticism {rC- rN+ Regen+ Stlth+} (You found it on level 3 of the Lair of Beasts)
 10294 | Lair:3   | Reached skill level 12 in Shields
 10733 | Lair:4   | Reached skill level 10 in Armour
 10951 | Lair:4   | Received a gift from Nemelex Xobeh
 11371 | Lair:4   | Reached XP level 12. HP: 88/106 MP: 12/12
 11734 | Lair:5   | Found a staircase to the Swamp.
 11799 | Lair:5   | Reached skill level 13 in Shields
 11964 | Lair:5   | Reached skill level 10 in Fighting
 12034 | Lair:5   | Received a gift from Nemelex Xobeh
 12256 | Lair:5   | Reached **** piety under Nemelex Xobeh
 12595 | Lair:5   | Received a gift from Nemelex Xobeh
 12824 | Swamp:1  | Entered Level 1 of the Swamp
 12828 | Swamp:1  | Noticed a five-headed hydra
 12836 | Swamp:1  | Killed a five-headed hydra
 13008 | Swamp:1  | Noticed an alligator
 13028 | Swamp:1  | Killed an alligator
 13104 | Swamp:1  | Reached skill level 14 in Shields
 13230 | Swamp:1  | Received a gift from Nemelex Xobeh
 13506 | Swamp:1  | Noticed an alligator
 13516 | Swamp:1  | Killed an alligator
 13539 | Swamp:1  | Noticed Kirke
 13554 | Swamp:1  | Killed Kirke
 13554 | Swamp:1  | Reached XP level 13. HP: 76/115 MP: 7/13
 14109 | Swamp:2  | Received a gift from Nemelex Xobeh
 14328 | Swamp:2  | Noticed Roxanne
 14482 | Swamp:2  | Noticed Frances
 14506 | Swamp:2  | Killed Frances
 14641 | Swamp:2  | Identified 2 scrolls of acquirement
 14683 | Swamp:2  | Noticed Donald
 14746 | Swamp:2  | Killed Donald
 14847 | Swamp:2  | Reached skill level 15 in Shields
 15051 | Swamp:3  | Reached skill level 10 in Maces & Flails
 15307 | Swamp:3  | Reached ***** piety under Nemelex Xobeh
 15307 | Swamp:3  | Received a gift from Nemelex Xobeh
 15435 | Swamp:3  | Reached skill level 10 in Dodging
 15724 | Swamp:3  | Received a gift from Nemelex Xobeh
 15842 | Swamp:4  | Entered Level 4 of the Swamp
 15842 | Swamp:4  | Noticed a thorn hunter
 15868 | Swamp:4  | Killed a thorn hunter
 15945 | Swamp:4  | Noticed a spark wasp
 15945 | Swamp:4  | an eight-headed hydra changed into a spark wasp
 15969 | Swamp:4  | Killed a spark wasp
 15990 | Swamp:4  | HP: 8/177 [eight-headed hydra (6)]
 15990 | Swamp:4  | HP: 1/177 [eight-headed hydra (7)]
 15992 | Swamp:4  | Slain by an eight-headed hydra

Skill      XL: |  1  2  3  4  5  6  7  8  9 10 11 12 13 |
---------------+----------------------------------------+-----
Fighting       | 4 5 6 7 8 9 10 12 | 12.0
Armour         | 4 5 6 8 9 10 11 12 | 12.2
Shields        | 4 5 6 8 9 10 12 14 15 | 15.5
Axes           | 3 4 6 7 |  7.8
Dodging        | 1 2 3 5 6 8 9 10 | 10.0
Stealth        | 1 2 |  2.8
Evocations     | 1 2 |  2.4
Maces & Flails | 1 5 7 9 11 | 11.1
Long Blades    | |  0.2
Bows           | |  0.4
Unarmed Combat | |  0.2

Action                   |  1- 3 |  4- 6 |  7- 9 | 10-12 | 13-15 || total
-------------------------+-------+-------+-------+-------+-------++-------
Melee: War axe           |    74 |   102 |       |       |       ||   176
       Headbutt          |    10 |    19 |    43 |   303 |   116 ||   491
       Hand axe          |       |    59 |   183 |       |       ||   242
       Mace              |       |       |    90 |  1139 |   481 ||  1710
       Unarmed           |       |       |       |     8 |       ||     8
       Scimitar          |       |       |       |       |    12 ||    12
 Fire: Shortbow          |       |       |     1 |       |       ||     1
Invok: Triple Draw       |       |       |       |       |     1 ||     1
Evoke: Wand              |       |       |     6 |     1 |     7 ||    14
       Deck              |       |       |       |    11 |    39 ||    50
  Use: Scroll            |     1 |     9 |     2 |    12 |     8 ||    32
       Potion            |       |     2 |     3 |     5 |    22 ||    32
 Stab: Distracted        |       |       |       |     1 |     2 ||     3
       Confused          |       |       |       |       |     2 ||     2
  Eat: Chunk             |       |     8 |     5 |    19 |     6 ||    38
       Bread ration      |       |       |     1 |       |       ||     1
       Pizza             |       |       |       |     3 |     2 ||     5
       Royal jelly       |       |       |       |     1 |       ||     1
       Beef jerky        |       |       |       |     1 |       ||     1
       Fruit             |       |       |       |       |     1 ||     1
Armor: Scale mail        |    21 |       |       |       |       ||    21
       Pearl dragon armo |    17 |    95 |   111 |   176 |       ||   399
       Skin              |       |       |     1 |       |    54 ||    55
       Plate armour      |       |       |       |   273 |   232 ||   505
Dodge: Dodged            |    20 |    59 |    98 |   396 |   175 ||   748
Block: Shield            |    35 |    88 |   162 |   734 |   340 ||  1359
       Reflection        |       |       |       |       |     5 ||     5
